 Dungeon Crawl Stone Soup version 0.24-a0-280-g7cec4da (webtiles) character file.

Game seed: 17216437960288031958

2657 zxkuqyb the Cleaver (level 9, 0/81 HPs)
             Began as a Minotaur Berserker on May 8, 2019.
             Was a High Priest of Trog.
             Slain by an orc warrior
             ... wielding a +0 scimitar
              (9 damage)
             ... on level 7 of the Dungeon.
             The game lasted 00:30:46 (4819 turns).

zxkuqyb the Cleaver (Minotaur Berserker)            Turns: 4819, Time: 00:30:47

Health: 0/81       AC: 14    Str: 25    XL:     9   Next: 36%
Magic:  8/8        EV: 11    Int:  4    God:    Trog [*****.]
Gold:   500        SH:  0    Dex: 10    Spells: 8/8 levels left

rFire    . . .     SeeInvis .   q - +0 war axe
rCold    . . .     Gourm    .   (no shield)
rNeg     . . .     Faith    .   m - +0 chain mail
rPois    .         Spirit   .   (helmet restricted)
rElec    .         Reflect  .   t - +1 cloak {+Inv}
rCorr    .         Harm     .   (no gloves)
MR       .....                  p - +0 pair of boots
Stlth    ..........             f - amulet of regeneration
HPRegen  0.63/turn              (no ring)
MPRegen  0.11/turn              (no ring)

@: berserk cooldown, slowed, very slow
A: retaliatory headbutt, horns 2
a: Berserk, Trog's Hand, Brothers in Arms, Renounce Religion, Evoke Invisibility


You were on level 7 of the Dungeon.
You worshipped Trog.
Trog was extremely pleased with you.
You were near starving.

You visited 2 branches of the dungeon, and saw 8 of its levels.

You collected 500 gold pieces.

Inventory:

Hand Weapons
 a - a +0 hand axe
 k - a +5 club
 q - a +0 war axe (weapon)
 y - a +2 flail of protection
 E - a +2 antimagic short sword
Missiles
 C - 3 tomahawks of returning (quivered)
Armour
 m - a +0 chain mail (worn)
 o - a +2 robe of fire resistance
 p - a +0 pair of boots (worn)
 t - a +1 cloak of invisibility (worn)
 B - a +0 chain mail
 K - the +1 leather armour "Dusauty" {-Tele rPois rF+ SInv}
   (You found it on level 7 of the Dungeon)

   It protects you from fire.
   It protects you from poison.
   It lets you see invisible.
   It prevents most forms of teleportation.
Jewellery
 f - an amulet of regeneration (around neck)
 r - an uncursed amulet of rage
Wands
 d - a wand of polymorph (12)
 h - a wand of flame (10)
 l - a wand of digging (9)
 A - a wand of disintegration (14)
Scrolls
 e - a scroll of fear {unknown}
 g - 2 scrolls of teleportation {unknown}
 i - 5 scrolls of remove curse
 j - a scroll of immolation {unknown}
 x - a scroll of random uselessness {unknown}
 z - 3 scrolls of amnesia {unknown}
 D - a scroll of fog {unknown}
 G - a scroll of blinking {unknown}
 H - a scroll of enchant weapon {unknown}
Potions
 s - 2 potions of flight
 u - a potion of invisibility
 v - 2 potions of resistance
 F - a potion of agility
 I - a potion of cancellation {unknown}
 J - a potion of mutation {unknown}
Comestibles
 b - 7 chunks of flesh
 c - 10 rations


   Skills:
 + Level 7.8 Fighting
 * Level 10.2 Axes
 + Level 7.3 Armour
 + Level 6.6 Dodging


You had 8 spell levels left.
You didn't know any spells.
Your spell library was empty.

Dungeon Overview and Level Annotations

Branches:
Dungeon (7/15)             Temple (1/1) D:5

Altars:
Ashenzari
Elyvilon
Fedhas
Gozag
Hepliaklqana
Kikubaaqudgha
Makhleb
Nemelex Xobeh
Okawaru
Qazlal
Ru
Trog
Uskayaw
Vehumet
Wu Jian
Xom
Yredelemnul
The Shining One

Annotations:
D:5 2 runed translucent doors, ishanyx's ghost, novice MiFi


Innate Abilities, Weirdness & Mutations

You reflexively headbutt those who attack you in melee.
You have a pair of horns on your head.


Message History

The orc wizard shouts!
You slash the orc warrior! Your headbutt misses the orc warrior.
The orc warrior is heavily wounded.
You slash the orc!
You kill the orc!
Trog accepts your kill.
You are near starving!
The orc wizard gestures wildly while chanting.
The orc wizard flickers and vanishes!
Deactivating autopickup; reactivate with Ctrl-A.
The orc warrior hits you with a +0 scimitar!
* * * LOW HITPOINT WARNING * * *
You hit the orc warrior but do no damage.
The orc warrior is heavily wounded.
The orc warrior hits you with a +0 scimitar.
* * * LOW HITPOINT WARNING * * *
Unknown command.
You feel better.
The orc warrior hits you with a +0 scimitar!
You die...

.##.....####.##...
#.....####.##... #+#####
#.......#.......
#......##.......#.......
.......#........+.......
................#.......
#..)....#.......########
#...._.).#########......
#...!..@))).....#.......
......)o).......+.......
.......{........#.......
.......##.......##......
....... ##########......
....... #...... #......
#..>... ####### +......
#......


You could see an orc warrior.

Vanquished Creatures
  Sigmund (D:5)
  Eustachio (D:5)
  A water moccasin (D:7)
  An orc warrior (D:7)
  4 ogres
  An eye of draining (D:5)
  2 centaurs
  3 bullfrogs
  A scorpion (D:5)
  A water moccasin skeleton (D:5)
  2 crimson imps (D:6)
  2 howler monkeys
  A bullfrog skeleton (D:4)
  4 hounds
  2 jellies (D:5)
  Crazy Yiuf (D:4)
  8 orc priests
  11 orc wizards
  Ijyb (D:5)
  Jessica (D:3)
  An iguana (D:5)
  2 worker ants
  5 adders
  3 gnolls (D:5)
  An adder zombie (D:5)
  An adder skeleton (D:4)
  3 worms
  4 dart slugs
  4 leopard geckos
  34 orcs
  9 giant cockroaches
  6 goblins
  7 hobgoblins
  15 jackals
  2 quokkas
  A ball python (D:2)
  4 bats
  3 frilled lizards
  7 kobolds
  A leopard gecko skeleton (D:5)
  2 quokka skeletons
  A quokka zombie (D:7)
  3 rats
168 creatures vanquished.

Notes
Turn   | Place    | Note
-------+----------+-------------------------------------------
     0 | D:1      | zxkuqyb the Minotaur Berserker began the quest for the Orb.
     0 | D:1      | Reached XP level 1. HP: 19/19 MP: 0/0
    33 | D:1      | Reached XP level 2. HP: 25/27 MP: 1/1
   272 | D:1      | Reached skill level 4 in Axes
   739 | D:2      | Reached XP level 3. HP: 23/33 MP: 2/2
   817 | D:2      | Reached ** piety under Trog
   917 | D:2      | Found a sacrificial altar of Ru.
   924 | D:2      | Reached XP level 4. HP: 37/40 MP: 3/3
  1487 | D:3      | Noticed Jessica
  1497 | D:3      | Killed Jessica
  1687 | D:3      | Reached skill level 5 in Axes
  1787 | D:3      | Reached XP level 5. HP: 47/47 MP: 4/4
  1842 | D:3      | Found a burning altar of Makhleb.
  2019 | D:4      | Reached *** piety under Trog
  2019 | D:4      | Reached XP level 6. HP: 51/55 MP: 5/5
  2044 | D:4      | Reached skill level 5 in Fighting
  2055 | D:4      | Reached skill level 6 in Axes
  2212 | D:4      | HP: 1/56 [orc priest/nerve-wracking pain (13)]
  2213 | D:4      | Reached XP level 7. HP: 1/61 MP: 6/6
  2421 | D:4      | Found a runed translucent door.
  2422 | D:4      | Noticed Crazy Yiuf
  2432 | D:4      | Killed Crazy Yiuf
  2518 | D:4      | Reached skill level 7 in Axes
  2663 | D:4      | Reached skill level 5 in Armour
  2939 | D:5      | Entered Level 5 of the Dungeon
  2939 | D:5      | Noticed Eustachio
  2947 | D:5      | Killed Eustachio
  3099 | D:5      | Reached skill level 5 in Dodging
  3108 | D:5      | Reached XP level 8. HP: 70/70 MP: 7/7
  3139 | D:5      | Reached **** piety under Trog
  3139 | D:5      | Reached skill level 8 in Axes
  3335 | D:5      | Found a bloodstained altar of Trog.
  3394 | D:5      | Found a staircase to the Ecumenical Temple.
  3412 | Temple   | Entered the Ecumenical Temple
  3617 | D:5      | Noticed Ijyb
  3655 | D:5      | Killed Ijyb
  3870 | D:5      | Found a large runed translucent door.
  3870 | D:5      | Noticed ishanyx's ghost (novice MiFi)
  3871 | D:5      | Found a large runed translucent door.
  3944 | D:5      | Noticed Sigmund
  3952 | D:5      | Killed Sigmund
  3952 | D:5      | Reached skill level 9 in Axes
  4126 | D:6      | Found a glowing golden altar of the Shining One.
  4300 | D:6      | Reached XP level 9. HP: 79/79 MP: 8/8
  4434 | D:6      | Found a sparkling altar of Nemelex Xobeh.
  4479 | D:6      | Found a hide-covered altar of Uskayaw.
  4655 | D:7      | Got a jewelled leather armour
  4671 | D:7      | Identified the cursed +1 leather armour "Dusauty" {-Tele
                  | rPois rF+ SInv} (You found it on level 7 of the Dungeon)
  4783 | D:7      | Found a sacrificial altar of Ru.
  4791 | D:7      | Reached skill level 10 in Axes
  4810 | D:7      | Reached ***** piety under Trog
  4810 | D:7      | Received a gift from Trog
  4818 | D:7      | HP: 4/81 [orc warrior/+0 scimitar (2)]
  4819 | D:7      | Slain by an orc warrior

Levels and vault maps discovered:
D:1:      minmay_arrival_open_corners, layout_basic
D:2:      layout_basic, nicolae_ru_great_annihilating_truth
D:3:      layout_rooms, marbit_many_paths, uniq_jessica
D:4:      layout_basic, first_ration, feat_on_display, uniq_crazy_yiuf_cottage
D:5:      layout_cave_pods, trog_eyes_of_draining,
          minmay_temple_entry_sparse_star, ebering_ghost_disaster_area,
          uniq_sigmund, uniq_eustachio, uniq_ijyb
D:6:      layout_basic, nicolae_overflow_hidden_temple, basic_altar,
          grunt_ministairs_8
D:7:      layout_gridville, lemuel_doored_altar, basic_altar
Temple:   nicolae_temple_great_sept

Skill      XL: |  1  2  3  4  5  6  7  8  9 |
---------------+----------------------------+-----
Axes           | 4 5 6 7 9 10 | 10.2
Fighting       | 4 5 6 7 |  7.8
Armour         | 3 4 5 6 7 |  7.3
Dodging        | 3 4 5 6 |  6.6

Action                   |  1- 3 |  4- 6 |  7- 9 || total
-------------------------+-------+-------+-------++-------
Melee: Hand axe          |    43 |   113 |   191 ||   347
       Headbutt          |     7 |    21 |    49 ||    77
       War axe           |       |       |    65 ||    65
Throw: Tomahawk          |    15 |     7 |       ||    22
Invok: Berserk           |     1 |     1 |     4 ||     6
  Use: Scroll            |       |       |     7 ||     7
       Potion            |       |       |     3 ||     3
 Stab: Paralysed         |       |     2 |       ||     2
  Eat: Chunk             |       |     6 |    11 ||    17
Armor: Animal skin       |     7 |       |       ||     7
       Chain mail        |       |    54 |   136 ||   190
       Skin              |       |       |     3 ||     3
Dodge: Dodged            |    30 |    47 |   127 ||   204

Table legend:
 A = Non-vault XP
 B = Vault XP
 C = Vault XP percentage of total XP
 D = Non-vault monster count
 E = Vault monster count
 F = Vault count percentage of total count
                 A         B        C        D         E       F
            +---------+---------+-------+---------+---------+-------
      Total |    3050 |     747 |  19.7 |     150 |      18 |  10.7
            +---------+---------+-------+---------+---------+-------
        D:1 |      35 |       0 |   0.0 |      19 |       0 |   0.0
        D:2 |      48 |      45 |  48.4 |      17 |       4 |  19.0
        D:3 |     110 |      42 |  27.6 |      17 |       2 |  10.5
        D:4 |     716 |      41 |   5.4 |      35 |       1 |   2.8
        D:5 |     686 |     567 |  45.3 |      22 |       6 |  21.4
        D:6 |     596 |      52 |   8.0 |      14 |       5 |  26.3
        D:7 |     859 |       0 |   0.0 |      26 |       0 |   0.0
            +---------+---------+-------+---------+---------+-------
